 Dungeon Crawl Stone Soup version 0.22-a0-348-gd16d139 (webtiles) character file.

3 suvakkihuora the Skirmisher (level 1, 0/19 HPs)
             Began as a Ghoul Monk on Apr 7, 2018.
             Slain by a bat (1 damage)
             ... on level 1 of the Dungeon.
             The game lasted 00:00:20 (81 turns).

suvakkihuora the Skirmisher (Ghoul Monk)              Turns: 81, Time: 00:00:21

Health: 0/19       AC:  2    Str: 14    XL:     1   Next: 50%
Magic:  0/0        EV: 12    Int:  5    God:
Gold:   28         SH:  0    Dex: 11    Spells: 0/0 levels left

rFire    . . .     SeeInvis .   a - +0 mace
rCold    + . .     Gourm    .   (no shield)
rNeg     + + +     Faith    .   b - +0 robe
rPois    ∞         Spirit   .   (no helmet)
rElec    .         Reflect  .   (no cloak)
rCorr    .         Harm     .   (no gloves)
MR       .....                  (no boots)
Stlth    ++........             (no amulet)
HPRegen  0.00/turn              (no ring)
MPRegen  0.07/turn              (no ring)

@: rotting
A: rotting body, claws 1, carnivore, cold resistance 1, negative energy
resistance 3, inhibited regeneration, torment resistance, unbreathing
a: no special abilities


You were on level 1 of the Dungeon.
You were not hungry.

You visited 1 branch of the dungeon, and saw 1 of its levels.

You collected 28 gold pieces.

Inventory:

Hand Weapons
 a - a +0 mace (weapon)
Armour
 b - a +0 robe (worn)
Scrolls
 d - a scroll of enchant armour {unknown}
Comestibles
 c - a ration


   Skills:
 * Level 3.5 Fighting
 + Level 2.7 Maces & Flails
 - Level 2.6 Dodging
 - Level 2.1 Stealth


You couldn't memorise any spells.
You didn't know any spells.

Dungeon Overview and Level Annotations

Branches:
Dungeon (1/15)

Altars:


Innate Abilities, Weirdness & Mutations

Your body is rotting away.
You thrive on raw meat.
You are immune to poison.
You have sharp fingernails.
You are carnivorous and can eat meat at any time.
Your flesh is cold resistant. (rC+)
You are immune to negative energy. (rN+++)
You do not regenerate when monsters are visible.
You are immune to unholy pain and torment.
You can survive without breathing.


Message History

You hit the leopard gecko but do no damage.
The bat completely misses you. The leopard gecko bites you.
You closely miss the leopard gecko. The bat hits you.
The leopard gecko bites you.
* * * LOW HITPOINT WARNING * * *
The bat closely misses you. The leopard gecko barely misses you.
You are too injured to fight recklessly!
You are too injured to fight recklessly!
You closely miss the leopard gecko. The bat completely misses you.
The leopard gecko closely misses you.
You closely miss the leopard gecko. The bat barely misses you.
The leopard gecko bites you but does no damage.
The leopard gecko bites you.
* * * LOW HITPOINT WARNING * * *
You hit the leopard gecko but do no damage.
The bat misses you. The leopard gecko misses you.
You hit the leopard gecko.
The leopard gecko is almost dead.
The bat hits you.
You die...

#..#..>.......##.#.
######............###...
........................
#....##....####..#.###.#
#..........###..##.# #.#
#...........##.## .# #.#
#......#....# #.#
#...b..#..### #..
#...@..#......... ##.
#..l...#......... #.
#.................## ##
#....#.##..#......# +(
#....#. ##.#......# ##
.... .. ..#........
####... ...###...### #.#


You could see a leopard gecko and a bat.

Vanquished Creatures
  2 bats (D:1)
  2 rats (D:1)
4 creatures vanquished.

Notes
Turn   | Place    | Note
-------+----------+-------------------------------------------
     0 | D:1      | suvakkihuora the Ghoul Monk began the quest for the Orb.
     0 | D:1      | Reached XP level 1. HP: 19/19 MP: 0/0
    81 | D:1      | Slain by a bat

Vault maps used:
D:1:      evilmike_arrival_run_for_it, minivault_24

Action                   || total
-------------------------++-------
Melee: Mace              ||    19
  Eat: Chunk             ||     1
Armor: Robe              ||    10
Dodge: Dodged            ||    25

Table legend:
 A = Spawn XP
 B = Non-spawn XP
 C = Spawn XP percentage of total XP
 D = Spawn monster count
 E = Non-spawn monster count
 F = Spawn count percentage of total count
 G = Total turns spent on level
                    A         B        C        D         E        F      G
               +---------+---------+-------+---------+---------+-------+---------
         Total |       0 |       5 |   0.0 |       0 |       4 |   0.0 |    81
               +---------+---------+-------+---------+---------+-------+---------
           D:1 |       0 |       5 |   0.0 |       0 |       4 |   0.0 |    81
               +---------+---------+-------+---------+---------+-------+---------
